 Dungeon Crawl Stone Soup version 0.30.1-11-g7821555f0a (webtiles) character file.

Game seed: 8267295787977176181

1076 KittyFluff the Covered (level 8, -6/51 HPs)
             Began as a Gargoyle Berserker on Nov 6, 2023.
             Was an Elder of Trog.
             Mangled by an ogre
             ... wielding a +0 giant club
              (8 damage)
             ... on level 6 of the Dungeon.
             The game lasted 00:18:59 (5243 turns).

KittyFluff the Covered (Gargoyle Berserker)         Turns: 5243, Time: 00:19:00

Health: -6/51      AC: 13    Str: 23    XL:     8   Next: 29%
Magic:  8/8        EV: 11    Int:  8    God:    Trog [****..]
Gold:   275        SH:  0    Dex:  9    Spells: 7/7 levels left

rFire   . . .        a - +0 mace
rCold   . . .        (no shield)
rNeg    + . .        t - +0 leather armour
rPois   ∞            s - +0 helmet
rElec   +            (no cloak)
rCorr   .            z - +0 pair of gloves
SInv    .            u - +0 pair of boots
Will    .....        i - amulet of the acrobat
Stlth   +            (no ring)
HPRegen 0.28/turn    (no ring)
MPRegen 0.11/turn

%: acrobat
@: no status effects
A: sickness immunity, AC +5, negative energy resistance 1, electricity
resistance, torment resistance 1, petrification resistance
a: Renounce Religion, Berserk, Trog's Hand, Brothers in Arms


You were on level 6 of the Dungeon.
You worshipped Trog.
Trog was greatly pleased with you.
You visited 1 branch of the dungeon, and saw 6 of its levels.

You collected 275 gold pieces.

Inventory:

Hand Weapons
 a - a +0 mace (weapon)
 n - a +0 sling
Missiles
 C - 6 poisoned darts (quivered)
Armour
 s - a +0 helmet (worn)
 t - a +0 leather armour (worn)
 u - a +0 pair of boots (worn)
 z - a +0 pair of gloves (worn)
Jewellery
 b - an amulet of guardian spirit
 i - an amulet of the acrobat (around neck)
Wands
 c - a wand of paralysis (13)
 y - a wand of roots (12)
Scrolls
 d - 2 scrolls of immolation {unknown}
 e - 2 scrolls of magic mapping {unknown}
 f - 3 scrolls of fear {unknown}
 h - 2 scrolls of vulnerability {unknown}
 j - 4 scrolls of teleportation {unknown}
 k - 3 scrolls of noise {unknown}
 m - 2 scrolls of silence {unknown}
 o - 2 scrolls of enchant armour {unknown}
 w - a scroll of brand weapon {unknown}
 x - 2 scrolls of enchant weapon {unknown}
 D - a scroll of butterflies {unknown}
Potions
 g - a potion of resistance
 l - a potion of haste
 p - 3 potions of curing
 q - a potion of magic {unknown}
 r - 2 potions of flight {unknown}
 v - a potion of mutation {unknown}
 A - 2 potions of brilliance {unknown}
 B - a potion of cancellation {unknown}


   Skills:
 + Level 5.6 Fighting
 * Level 6.7 Maces & Flails
 * Level 6.8 Armour
 - Level 1.5 Dodging


You had 7 spell levels left.
You didn't know any spells.
Your spell library was empty.

Dungeon Overview and Level Annotations

Branches:
Dungeon (6/15)             Temple (0/1) D:4

Altars:
Dithmenos
Nemelex Xobeh
Sif Muna
Uskayaw
Vehumet

Shops:
D:2 *


Innate Abilities, Weirdness & Mutations

You are immune to sickness and miasma.
Your stone body is resilient. (AC +5)
You are immune to poison.
You resist negative energy. (rN+)
You are resistant to electric shocks. (rElec)
You are resistant to unholy torment.
You are immune to petrification.


Message History

The hound is lightly wounded.
The hound closely misses you.
You barely miss the hound.
The hound is lightly wounded.
The hound barely misses you. The hound closely misses you.
You barely miss the hound.
The hound is lightly wounded.
The hound closely misses you. The hound bites you.
You sock the hound!
The hound is heavily wounded.
The hound barely misses you.
You hit the hound.
The hound is severely wounded.
The hound bites you but does no damage. The hound closely misses you.
You hit the hound.
You kill the hound!
Trog accepts your kill.
You sock the ogre!
The ogre is moderately wounded.
The ogre hits you with a +0 giant club.
You hit the ogre.
The ogre is heavily wounded.
You sock the ogre!
The ogre is severely wounded.
The ogre barely misses you.
You barely miss the ogre.
The ogre is severely wounded.
The ogre hits you with a +0 giant club!
You hit the ogre but do no damage.
The ogre is severely wounded.
You hit the ogre.
The ogre is severely wounded.
The ogre hits you with a +0 giant club!!
Ouch! That really hurt!
* * * LOW HITPOINT WARNING * * *
You hit the ogre but do no damage.
The ogre is severely wounded.
You hear the hiss of a very distant avalanche of sand.
The ogre hits you with a +0 giant club!
You die...

#.##.#####.....##
#...........(...#
####.#####.....##
#.# #....## #..
###..# ###. ##.#
.# #[# # #.# #@#
#O# #.# #.# #.#
..# ..# ..#


You could see an ogre.

Vanquished Creatures
  A water moccasin (D:5)
  An ice beast (D:4)
  An ogre (D:5)
  A phantom (D:5)
  A gnoll sergeant (D:6)
  A scorpion (D:5)
  A vampire bat (D:3)
  An orc priest (D:5)
  A hound (D:6)
  2 gnoll boudas (D:5)
  4 iguanas
  2 orc wizards
  6 gnolls
  4 adders
  4 worms
  3 dart slugs
  3 fire bats (D:3)
  7 orcs
  2 spectral bats (D:3)
  3 bat skeletons (D:3)
  A bat zombie (D:3)
  4 endoplasms
  7 giant cockroaches
  6 goblins
  9 hobgoblins
  11 jackals
  8 kobolds
  5 quokkas
  3 ball pythons
  13 bats
  A bat simulacrum (D:3)
  2 frilled lizards
  2 rats (D:2)
121 creatures vanquished.

Notes
Turn   | Place    | Note
-------+----------+-------------------------------------------
     0 | D:1      | KittyFluff the Gargoyle Berserker began the quest for the
                  | Orb.
     0 | D:1      | Reached XP level 1. HP: 14/14 MP: 1/1
   144 | D:1      | You fall into a shaft and drop 1 floor!
   144 | D:2      | Found Hyogista's Assorted Antiques.
   159 | D:2      | Reached XP level 2. HP: 18/19 MP: 2/2
   364 | D:2      | Reached XP level 3. HP: 23/23 MP: 3/3
   876 | D:1      | Found a faded altar of an unknown god.
   937 | D:1      | Reached ** piety under Trog
  1517 | D:2      | Reached XP level 4. HP: 27/29 MP: 4/4
  2068 | D:3      | Found a sparkling altar of Nemelex Xobeh.
  2196 | D:3      | Found a radiant altar of Vehumet.
  2281 | D:3      | Reached XP level 5. HP: 33/33 MP: 5/5
  2447 | D:3      | Reached *** piety under Trog
  2573 | D:3      | Reached XP level 6. HP: 24/39 MP: 6/6
  2925 | D:4      | Found a staircase to the Ecumenical Temple.
  2940 | D:4      | Identified the +4 trident "Evvur" {antimagic, rPois Int+2}
  3167 | D:4      | Noticed an ice beast
  3183 | D:4      | Killed an ice beast
  3184 | D:4      | Reached skill level 5 in Maces & Flails
  3184 | D:4      | Reached skill level 5 in Armour
  3667 | D:5      | Entered Level 5 of the Dungeon
  3778 | D:5      | Found a shimmering blue altar of Sif Muna.
  3855 | D:5      | Reached XP level 7. HP: 43/44 MP: 7/7
  3884 | D:5      | Reached **** piety under Trog
  3893 | D:5      | Found a shadowy altar of Dithmenos.
  3917 | D:5      | Reached skill level 5 in Fighting
  4148 | D:5      | Found a hide-covered altar of Uskayaw.
  4688 | D:5      | Reached XP level 8. HP: 47/49 MP: 8/8
  5242 | D:6      | HP: 2/51 [ogre/+0 giant club (29)]
  5243 | D:6      | Mangled by an ogre

Illustrated notes

Levels and vault maps discovered:
D:1:      heliophobic_arrival_ceremonial_halls, layout_basic,
          basic_ecumenical_altar
D:2:      layout_basic, serial_shops, nicolae_shop_statue_plus,
          minmay_misc_feat_alley, minmay_misc_feat_ornament
D:3:      layout_rooms, nicolae_overflow_crystal_walls,
          nicolae_overflow_hidden_temple, roderic_roman_lattice,
          grunt_ministairs_1, goddamned_bats
D:4:      layout_basic, minmay_temple_entry_arrows
D:5:      layout_loops_ring, nicolae_dithmenos_through_a_glass_darkly,
          amcnicky_altar_gilded, nicolae_sif_muna_little_library,
          nicolae_grassy_gnolls
D:6:      old_forge, layout_loops_ring, enter_ossuary_4,
          minmay_misc_feat_pillars

Skill      XL: |  1  2  3  4  5  6  7 |
---------------+----------------------+-----
Armour         | 3 4 5 6 |  6.8
Maces & Flails | 4 5 6 |  6.7
Fighting       | 4 5 |  5.6
Dodging        | |  1.5

Action                     |  1- 3 |  4- 6 |  7- 9 || total
---------------------------+-------+-------+-------++-------
  Melee: Mace              |   108 |   263 |   180 ||   551
         Punch             |       |     4 |     6 ||    10
    Use: Scroll            |       |     4 |       ||     4
 Armour: Animal skin       |    48 |    20 |       ||    68
         Leather armour    |       |   124 |    70 ||   194
  Dodge: Dodged            |   100 |   264 |    90 ||   454
